 Dungeon Crawl Stone Soup version 0.20.1-1-g8b1a95d (webtiles) character file.

284510 Jerry the Champion of Chaos (level 20, -9/171 HPs)
             Began as a Demonspawn Monk on Oct 23, 2017.
             Was the Champion of Makhleb.
             Mangled by a merfolk siren
             ... wielding a +0 trident
              (13 damage)
             ... on level 4 of the Shoals on Oct 25, 2017.
             The game lasted 04:13:36 (52494 turns).

Jerry the Champion of Chaos (Demonspawn Monk)      Turns: 52494, Time: 04:13:36

Health: -9/171     AC: 33    Str: 18      XL:     20   Next: 15%
Magic:  0/33       EV: 13    Int:  8 (11) God:    Makhleb [******]
Gold:   1978       SH:  8    Dex: 19      Spells: 13/19 levels left

rFire    + + .     SeeInvis .   O - +4 scimitar (freeze)
rCold    + + .     Gourm    .   o - +0 buckler
rNeg     . . .     Faith    .   V - +9 scales of the Dragon King {rPois rF+ rC+ MR+}
rPois    +         Spirit   +   r - +0 helmet
rElec    .         Reflect  .   m - scarf {rC+ rF+}
rCorr    .         Harm     .   (gloves unavailable)
MR       ++...     Rnd*Rage +   Z - +0 pair of boots
Stlth    ..........             e - amulet of regeneration
Regen    0.8/turn               t - ring of flight
MPRegen  0.5/turn               P - +4 ring of slaying

@: engulfed (cannot breathe), flying, mesmerised, hasted, very quick
A: claws 3, repulsion field 2, berserk 1, powered by pain 2, robust 1, magic
shield, magic regeneration, magic link
}: 1/15 runes: gossamer
a: Minor Destruction, Lesser Servant of Makhleb, Major Destruction, Greater
Servant of Makhleb, Renounce Religion, Stop Flying


You were on level 4 of the Shoals.
You worshipped Makhleb.
Makhleb was exalted by your worship.
You were not hungry.

You visited 8 branches of the dungeon, and saw 36 of its levels.
You visited the Abyss 1 time.

You collected 3628 gold pieces.
You spent 1650 gold pieces at shops.

Inventory:

Hand Weapons
 I - a +4 rapier
 O - a +4 scimitar of freezing (weapon)
Missiles
 K - 219 sling bullets (quivered)
Armour
 m - a scarf of resistance (worn)
 o - a +0 buckler (worn)
 r - a +0 helmet (worn)
 V - the +9 scales of the Dragon King (worn) {rPois rF+ rC+ MR+}
   (You found it on level 1 of the Depths)

   It protects you from fire.
   It protects you from cold.
   It protects you from poison.
   It affects your resistance to hostile enchantments.
 Z - a +0 pair of boots (worn)
Jewellery
 e - an amulet of regeneration (around neck)
 k - the ring of Desuf {rC+ EV+5 Str-2 Int+5 Slay+2}
   (You found it on level 3 of the Spider Nest)

   [ring of evasion]

   It affects your evasion (+5).
   It affects your strength (-2).
   It affects your intelligence (+5).
   It affects your accuracy and damage with ranged weapons and melee attacks
   (+2).
   It protects you from cold.
 t - a ring of flight (left claw)
 L - an uncursed ring of see invisible
 P - a +4 ring of slaying (right claw)
Wands
 b - a wand of digging (9/24)
 l - a wand of acid (8/15)
 s - a wand of confusion (41/48)
 N - a wand of iceblast (4/15)
Scrolls
 f - 5 scrolls of immolation
 g - a scroll of enchant armour
 h - 12 scrolls of remove curse
 p - 3 scrolls of fear
 v - 6 scrolls of recharging
 y - 6 scrolls of identify
 C - 3 scrolls of amnesia
 D - 3 scrolls of teleportation
 H - 2 scrolls of magic mapping
 J - 5 scrolls of blinking
 U - 4 scrolls of fog
Potions
 a - 5 potions of flight
 d - a potion of heal wounds
 i - 4 potions of resistance
 n - 13 potions of curing
 q - 2 potions of haste
 u - 5 potions of mutation
 w - 8 potions of ambrosia
 x - a potion of agility
 A - 5 potions of brilliance
 B - a potion of invisibility
 F - a potion of berserk rage
 G - 5 potions of magic
 W - a potion of cancellation
Books
 M - a book of Battle

   Spells                             Type                      Level
   a - Infusion                       Charms                       1
   b - Shroud of Golubria             Charms/Translocation         2
   c - Song of Slaying                Charms                       2
   d - Spectral Weapon                Hexes/Charms                 3
   e - Regeneration                   Charms/Necromancy            3
 S - a book of Party Tricks

   Spells                             Type                      Level
   a - Summon Butterflies             Summoning                    1
   b - Apportation                    Translocation                1
   c - Lesser Beckoning               Translocation                3
   d - Tukima's Dance                 Hexes                        3
   e - Alistair's Intoxication        Transmutation/Poison         5
   f - Invisibility                   Hexes                        6
 T - a book of Flames

   Spells                             Type                      Level
   a - Flame Tongue                   Conjuration/Fire             1
   b - Throw Flame                    Conjuration/Fire             2
   c - Conjure Flame                  Conjuration/Fire             3
   d - Inner Flame                    Hexes/Fire                   3
   e - Sticky Flame                   Conjuration/Fire             4
   f - Fireball                       Conjuration/Fire             5
Comestibles
 c - 19 bread rations
 j - 19 royal jellies
 z - 13 meat rations
 E - 10 fruits


   Skills:
 - Level 13.3 Fighting
 - Level 16.1 Long Blades
 + Level 16.6 Armour
 - Level 12.7 Dodging
 - Level 1.7 Stealth
 + Level 12.4 Shields
 + Level 18.3 Invocations


You had 13 spell levels left.
You knew the following spells:

 Your Spells              Type           Power        Failure   Level  Hunger
a - Statue Form           Tmut/Erth      #........    100%        6    #######


Dungeon Overview and Level Annotations

Branches:
Dungeon (15/15)            Temple (1/1) D:4            Lair (6/6) D:11
 Shoals (4/4) Lair:3       Spider (4/4) Lair:3        Slime (0/5) Lair:5
    Orc (2/2) D:11            Elf (2/3) Orc:2        Vaults (0/5) D:13
 Depths (2/5) D:15

Altars:
Ashenzari
Cheibriados
Dithmenos
Elyvilon
Fedhas
Gozag
Hepliaklqana
Kikubaaqudgha
Makhleb
Nemelex Xobeh
Okawaru
Qazlal
Ru
Sif Muna
Trog
Uskayaw
Vehumet
Xom
Yredelemnul
Zin
The Shining One
Beogh

Shops:
D:6 ([   D:8 =   D:15 *   Orc:1 !   Orc:2 ?:*}   Shoals:3 =   Depths:2 %:%?(

Portals:
Hell: Depths:1 Depths:2
Ziggurat: Depths:2

Annotations:
Shoals:4 Ilsuiw


Innate Abilities, Weirdness & Mutations

You have claws for hands.
You are surrounded by a moderate repulsion field. (EV +3)
You sometimes gain power by taking damage.
You are robust. (+10% HP)
When hurt, damage is shared between your health and your magic reserves.
You regenerate magic rapidly.
When low on magic, you restore magic in place of health.
You tend to lose your temper in combat.


Message History

Your lungs strain for air!
The water elemental barely misses you. The merfolk siren closely misses you.
Something hits you.
* * * LOW HITPOINT WARNING * * *
You block the merfolk's attack.
You block the merfolk javelineer's attack.
The merfolk javelineer hits you but does no damage.
The water elemental closely misses you. The wind drake flaps its wings at you.
The air twists around and violently strikes you in flight!
* * * LOW HITPOINT WARNING * * *
The cyclops hits you!
* * * LOW HITPOINT WARNING * * *
You feel yourself speed up.
* * * LOW HITPOINT WARNING * * *
Your lungs strain for air!
The water elemental hits you.
The merfolk siren chants its luring song.
The merfolk siren hits you from afar with a trident!
You die...

≈.. # #........≈≈≈≈≈ ≈≈..
#≈##(.......≈≈≈≈≈ ≈≈≈.
≈≈.........≈≈≈≈≈% ≈
≈≈.........(≈≈# ≈
≈≈......(.≈≈≈≈# ≈
≈≈.....<(≈≈≈≈#.#
≈≈≈≈..≈≈≈.....cm≈≈#≈≈.≈
≈≈≈≈..≈≈≈....m{kC## ≈#.
≈≈≈≈≈.≈≈≈=...EmE@≈#
≈≈≈≈≈≈≈≈≈≈...≈mE†##
≈≈≈≈≈≈≈≈≈≈(#.≈m≈≈#
≈≈≈≈≈≈≈≈≈≈(.≈≈≈≈≈≈
≈≈≈≈≈≈≈≈≈≈≈≈≈≈≈≈≈≈≈
≈≈≈≈≈≈≈≈≈(..≈≈≈≈≈≈≈≈
≈≈≈≈≈≈≈.<...≈≈≈≈≈≈≈≈.......
≈≈≈≈...(≈###.≈≈≈≈≈≈≈........
≈≈≈...≈m##
#........mm......≈≈≈≈≈


You could see 2 merfolk javelineers, a satyr, a wind drake, a merfolk, a
cyclops, 3 water elementals and 2 merfolk sirens.

Vanquished Creatures
  Saint Roka (Depths:1)
  A tentacled monstrosity (Depths:2)
  A kraken (Shoals:4)
  Agnes (Spider:1)
  A shadow dragon (Depths:2)
  Donald (Spider:1)
  A fire giant (Depths:2)
  A deep elf sorcerer (Elf:1)
  Aizul (Lair:3)
  A spriggan defender (Depths:2)
  3 frost giants
  2 ghost moths (Spider:4)
  7 emperor scorpions
  12 very ugly things
  9 stone giants
  3 entropy weavers
  Nessos (D:12)
  2 spark wasps
  The ghost of Erymatos the Severer, a journeyman MiBe of Trog (D:11)
  2 ettins (Depths:1)
  2 merfolk javelineers (Shoals:4)
  Josephine (Lair:3)
  3 great orbs of eyes
  9 merfolk impalers
  A fire dragon (Depths:1)
  2 yaktaur captains
  4 ice dragons
  3 merfolk avatars
  5 hydras
  2 rakshasas
  3 catoblepae
  7 centaur warriors
  An alligator snapping turtle (Shoals:3)
  6 merfolk aquamancers
  20 dancing weapons
  3 ogre magi
  9 death yaks
  A satyr (Shoals:3)
  12 two-headed ogres
  An alligator (Shoals:3)
  4 deep troll shamans
  4 tengu warriors
  A deep troll earth mage (Depths:2)
  A vampire mage (Depths:2)
  10 deep elf knights
  A wretched star (Abyss:3)
  Nergalle (D:12)
  7 skeletal warriors
  2 iron trolls (Depths:2)
  12 slime creatures
  10 sea snakes
  A deep troll (shapeshifter) (D:14)
  An unseen horror (D:12)
  5 deep elf archers (Elf:1)
  2 deep trolls (Depths:1)
  42 deep elf magi
  23 harpies
  6 orc knights
  2 necromancers
  20 orb spiders
  25 ugly things
  3 fauns
  31 wolf spiders
  10 manticores
  2 orc sorcerers (Orc:1)
  9 cyclopes
  3 moths of wrath
  8 merfolk sirens
  8 elephants (Lair:6)
  3 water nymphs
  A water nymph (shapeshifter) (Elf:2)
  3 black mambas
  Psyche (D:8)
  3 torpor snails
  2 black mambas (shapeshifter)
  Joseph (D:7)
  15 spiny frogs
  3 rime drakes
  2 gargoyles
  10 komodo dragons
  2 red devils (Abyss:3)
  A rime drake (shapeshifter) (Depths:2)
  13 yaktaurs
  7 demonic crawlers
  A kobold demonologist (D:14)
  35 jumping spiders
  6 trolls
  4 tengu conjurers
  2 meliai (Spider:3)
  21 merfolk
  6 wind drakes
  A wolf spider simulacrum (D:13)
  Prince Ribbit (D:7)
  9 blink frogs
  5 hornets
  A meliai zombie (D:14)
  11 snapping turtles
  16 dream sheep
  16 hippogriffs
  4 wraiths
  2 shadows
  14 water elementals
  89 redbacks
  37 tarantellas
  4 wyverns
  53 yaks
  A vampire (D:13)
  A human (D:7)
  3 hogs (D:7)
  6 fire elementals
  2 basilisks (Lair:6)
  A hungry ghost (D:10)
  A steam dragon (D:10)
  14 vampire mosquitoes
  2 neqoxecs (Abyss:3)
  3 wargs
  2 nagas (shapeshifter)
  4 soldier ants
  3 acid dragons
  Duvessa (D:4)
  3 hell hounds (D:15)
  9 porcupines
  11 water moccasins
  5 ice beasts
  A floating eye (shapeshifter) (Depths:1)
  3 sky beasts
  43 orc warriors
  2 phantoms
  2 black bears
  A black bear (shapeshifter) (D:13)
  3 eyes of draining
  A necrophage (D:13)
  12 ogres
  2 boggarts (Depths:2)
  6 wolves (Lair:5)
  A snapping turtle skeleton (Abyss:3)
  24 centaurs
  12 crocodiles
  A big kobold (D:10)
  17 bullfrogs
  4 earth elementals
  A wyvern skeleton (D:7)
  Dowan (D:4)
  9 scorpions
  9 killer bees
  13 wights
  5 howler monkeys
  2 electric eels
  6 crimson imps
  A bullfrog zombie (D:8)
  A bullfrog skeleton (D:8)
  6 centaur zombies
  3 centaur skeletons
  11 hounds
  16 orc priests
  Crazy Yiuf (D:3)
  4 jellies
  5 iguanas
  28 orc wizards
  4 hell rats (Lair:5)
  16 worker ants
  2 hound zombies
  A hound skeleton (D:10)
  A howler monkey zombie (D:7)
  2 worker ant zombies
  Robin (D:3)
  7 gnolls
  15 adders
  A howler monkey skeleton (D:7)
  7 shadow imps
  An ooze (D:6)
  2 adder skeletons
  3 adder zombies
  8 worms
  4 dart slugs
  6 leopard geckos
  89 orcs
  2 ball pythons
  6 bats
  8 giant cockroaches
  14 goblins
  8 hobgoblins
  8 jackals
  5 quokkas
  A ball python skeleton (D:4)
  6 frilled lizards
  13 kobolds
  2 quokka zombies
  5 rats
  A plant (Shoals:1)
  A tentacle (Shoals:4)
1385 creatures vanquished.

Vanquished Creatures (collateral kills)
  A deep elf blademaster (Elf:2)
  The ghost of Piramida the Tortoise, an adept MiBe of Trog (Shoals:3)
  Roxanne (Elf:2)
  A frost giant (Depths:2)
  The ghost of Timinator the Severer, a journeyman MiAK of Lugonu (Orc:2)
  A fire giant (Depths:2)
  An emperor scorpion (Spider:4)
  Azrael (D:15)
  3 jiangshi (Depths:1)
  An ogre mage (D:15)
  Fannar (D:10)
  2 hydras
  An ice dragon (Depths:1)
  2 two-headed ogres
  A merfolk avatar (Shoals:3)
  A catoblepas (Lair:6)
  2 merfolk aquamancers (Shoals:4)
  2 alligators (Shoals:3)
  2 death yaks (Lair:6)
  A vampire mage (Depths:1)
  2 deep elf knights (Elf:2)
  A skeletal warrior (D:14)
  The ghost of veneficus the Jinx, a novice SpEn of Dithmenos (D:8)
  A kraken simulacrum (Shoals:4)
  A deep elf archer (Elf:2)
  A wolf spider zombie (D:15)
  5 deep elf magi (Elf:2)
  A cyclops (Shoals:4)
  A centaur zombie (D:10)
  A black mamba (Lair:4)
  A centaur skeleton (D:15)
  A demonic crawler (Spider:4)
  A queen bee (shapeshifter) (D:15)
  A wolf spider simulacrum (D:15)
  A redback (Spider:4)
  2 yaks (Lair:6)
  3 fire elementals (D:15)
  3 vampire mosquitoes (D:15)
  A warg (D:15)
  A hell hound (D:15)
  3 orc warriors
  2 ice beasts
  2 ogres (D:15)
  2 centaurs
  2 bullfrogs
  A worker ant (D:10)
  An adder (D:10)
  An adder skeleton (D:8)
  2 orcs (D:15)
  A tentacle (Shoals:4)
74 creatures vanquished.

Vanquished Creatures (others)
  Erolcha (D:13)
  2 merfolk aquamancers
  2 deep elf knights
  A wolf spider (Spider:3)
  2 redbacks
  A tarantella (Spider:4)
  An air elemental (Elf:1)
  A howler monkey (D:5)
  A worker ant (D:5)
  3 orcs (D:5)
  14 fungi
  12 plants
  7 tentacles (Shoals:4)
48 creatures vanquished.

Grand Total: 1507 creatures vanquished

Notes
Turn   | Place    | Note
-------+----------+-------------------------------------------
     0 | D:1      | Jerry the Demonspawn Monk began the quest for the Orb.
     0 | D:1      | Reached XP level 1. HP: 18/18 MP: 1/1
    93 | D:1      | Gained mutation: When hurt, damage is shared between your health and your magic reserves. [demonic ancestry]
    93 | D:1      | Reached XP level 2. HP: 24/24 MP: 2/2
   561 | D:1      | Reached skill level 1 in Armour
   662 | D:1      | Reached XP level 3. HP: 15/29 MP: 1/3
  1156 | D:2      | Gained mutation: You are surrounded by a mild repulsion field. (EV +2) [demonic ancestry]
  1156 | D:2      | Reached XP level 4. HP: 28/35 MP: 4/4
  1254 | D:2      | Found a faded altar of an unknown god.
  1480 | D:2      | Found a basalt altar of Yredelemnul.
  1576 | D:2      | Found a deep blue altar of Sif Muna.
  1857 | D:3      | Noticed Robin
  1862 | D:3      | Killed Robin
  1862 | D:3      | Gained mutation: You are surrounded by a moderate repulsion field. (EV +3) [demonic ancestry]
  1862 | D:3      | Reached XP level 5. HP: 41/42 MP: 3/5
  2367 | D:3      | Reached skill level 1 in Shields
  2636 | D:3      | Found an iron altar of Okawaru.
  2806 | D:3      | Found a runed door.
  2810 | D:3      | Noticed Crazy Yiuf
  2815 | D:3      | Killed Crazy Yiuf
  2815 | D:3      | Gained mutation: You sometimes gain a little power by taking damage. [demonic ancestry]
  2815 | D:3      | Reached XP level 6. HP: 48/48 MP: 6/6
  2963 | D:4      | Found a hide-covered altar of Uskayaw.
  3010 | D:4      | Noticed Dowan
  3012 | D:4      | Noticed Duvessa
  3021 | D:4      | Killed Dowan
  3061 | D:4      | Killed Duvessa
  3061 | D:4      | Reached skill level 5 in Long Blades
  3434 | D:4      | Found a staircase to the Ecumenical Temple.
  3446 | Temple   | Entered the Ecumenical Temple
  3520 | Temple   | Became a worshipper of Makhleb the Destroyer
  3520 | Temple   | Reached * piety under Makhleb
  3520 | Temple   | Reached ** piety under Makhleb
  3536 | D:4      | Reached skill level 1 in Invocations
  3536 | D:4      | Reached XP level 7. HP: 54/54 MP: 7/7
  3624 | D:4      | Found an ancient bone altar of Kikubaaqudgha.
  3879 | D:5      | Entered Level 5 of the Dungeon
  3911 | D:5      | Reached skill level 2 in Invocations
  4009 | D:5      | Found an iron altar of Okawaru.
  4403 | D:5      | Reached skill level 3 in Invocations
  4536 | D:5      | Found a shimmering altar of Xom.
  4626 | D:6      | Reached XP level 8. HP: 60/60 MP: 8/10
  5023 | D:6      | Reached skill level 4 in Invocations
  5158 | D:6      | Reached *** piety under Makhleb
  5391 | D:6      | Found Hiyvilue's Antique Weapon Shoppe.
  5414 | D:6      | Found Jemanumn's Armour Shop.
  5441 | D:6      | Found a sacrificial altar of Ru.
  5755 | D:7      | Noticed a hippogriff
  5756 | D:7      | Reached skill level 5 in Invocations
  5772 | D:7      | Killed a hippogriff
  5879 | D:7      | Reached XP level 9. HP: 45/65 MP: 6/12
  6338 | D:7      | Reached skill level 5 in Armour
  6346 | D:7      | Reached skill level 6 in Invocations
  6586 | D:7      | Noticed Prince Ribbit
  6613 | D:7      | Killed Prince Ribbit
  6900 | D:7      | Reached **** piety under Makhleb
  7116 | D:7      | Noticed Joseph
  7134 | D:7      | Killed Joseph
  7134 | D:7      | Reached skill level 5 in Shields
  7134 | D:7      | Reached skill level 7 in Invocations
  7624 | D:8      | Found Zius's Jewellery Emporium.
  7658 | D:8      | You fall through a shaft for 3 floors!
  7665 | D:11     | Reached XP level 10. HP: 68/72 MP: 15/15
  7776 | D:11     | Found a staircase to the Lair.
  7850 | D:11     | Noticed Erymatos's ghost (journeyman MiBe)
  7945 | D:10     | Entered Level 10 of the Dungeon
  8436 | D:9      | Noticed a two-headed ogre
  8445 | D:9      | Killed a two-headed ogre
  8445 | D:9      | Reached skill level 8 in Invocations
  8536 | D:9      | Reached skill level 5 in Fighting
  8912 | D:9      | Reached skill level 10 in Long Blades
  8968 | D:9      | Noticed a two-headed ogre
  9024 | D:8      | Noticed veneficus's ghost (novice SpEn)
  9036 | D:8      | Killed veneficus's ghost
  9412 | D:8      | Found a white marble altar of Elyvilon.
  9487 | D:8      | Noticed Psyche
  9495 | D:8      | Killed Psyche
  9687 | D:9      | Killed a two-headed ogre
  9687 | D:9      | Reached skill level 9 in Invocations
  9687 | D:9      | Gained mutation: You sometimes gain power by taking damage. [demonic ancestry]
  9687 | D:9      | Reached XP level 11. HP: 81/81 MP: 17/17
  9743 | D:9      | Found a sparkling altar of Nemelex Xobeh.
 10135 | D:10     | Noticed Fannar
 10171 | D:10     | Killed Fannar
 10643 | D:10     | Noticed a two-headed ogre
 10645 | D:10     | Noticed a two-headed ogre
 10940 | D:10     | Killed a two-headed ogre
 10994 | D:10     | Killed a two-headed ogre
 11009 | D:10     | Got an ancient short sword
 11014 | D:10     | Identified the +5 short sword of Invincibility {distort, MP-9 Str+4} (You found it on level 10 of the Dungeon)
 11176 | D:10     | Noticed a two-headed ogre
 11188 | D:10     | Killed a two-headed ogre
 11188 | D:10     | Reached skill level 10 in Invocations
 13602 | D:11     | Noticed a two-headed ogre
 13614 | D:11     | Killed a two-headed ogre
 13822 | D:11     | Found a staircase to the Orcish Mines.
 14116 | Lair:1   | Entered Level 1 of the Lair of Beasts
 14127 | Lair:1   | Reached XP level 12. HP: 91/91 MP: 19/19
 14440 | Lair:1   | Reached ***** piety under Makhleb
 15249 | Lair:2   | Noticed a seven-headed hydra
 15264 | Lair:2   | Killed a seven-headed hydra
 15273 | Lair:2   | Noticed an eight-headed hydra
 15275 | Lair:2   | Reached skill level 5 in Dodging
 15281 | Lair:2   | Killed an eight-headed hydra
 16205 | Lair:3   | Found a staircase to the Shoals.
 16405 | Lair:3   | Found a hole to the Spider Nest.
 17399 | Lair:4   | Noticed a catoblepas
 17410 | Lair:4   | Killed a catoblepas
 17423 | Lair:4   | Noticed a five-headed hydra
 17442 | Lair:4   | Killed a five-headed hydra
 18352 | Lair:5   | Found a staircase to the Slime Pits.
 18361 | Lair:5   | Reached XP level 13. HP: 92/99 MP: 16/20
 18619 | Lair:5   | Reached skill level 11 in Invocations
 18841 | Lair:5   | Found a snail-covered altar of Cheibriados.
 19094 | Lair:6   | Entered Level 6 of the Lair of Beasts
 19894 | Lair:6   | Reached skill level 10 in Armour
 20247 | Lair:6   | Reached ****** piety under Makhleb
 20608 | Lair:6   | Reached skill level 12 in Invocations
 20608 | Lair:6   | Gained mutation: You regenerate magic rapidly. [demonic ancestry]
 20608 | Lair:6   | Reached XP level 14. HP: 105/109 MP: 20/23
 20839 | Lair:6   | Reached skill level 10 in Fighting
 21837 | Orc:1    | Entered Level 1 of the Orcish Mines
 22472 | Orc:1    | Found a roughly hewn altar of Beogh.
 22659 | Orc:2    | Entered Level 2 of the Orcish Mines
 22688 | Orc:2    | Noticed Timinator's ghost (journeyman MiAK)
 23011 | Orc:1    | Found Irebim's Distillery.
 23430 | Orc:2    | Found a staircase to the Elven Halls.
 23718 | D:12     | Noticed Nessos
 24101 | D:12     | Killed Nessos
 24602 | D:12     | Noticed Nergalle
 24620 | D:12     | Killed Nergalle
 25032 | D:13     | Noticed Erolcha
 25050 | D:13     | Killed Erolcha
 25748 | D:13     | Reached skill level 13 in Invocations
 27077 | D:13     | Found a gate to the Vaults.
 27423 | D:14     | Gained mutation: You have sharp fingernails. [demonic ancestry]
 27423 | D:14     | Reached XP level 15. HP: 96/118 MP: 16/25
 28532 | D:15     | Entered Level 15 of the Dungeon
 28700 | D:14     | Reached skill level 14 in Invocations
 29023 | D:15     | Noticed Azrael
 29079 | D:15     | Killed Azrael
 29500 | D:15     | Reached skill level 15 in Long Blades
 29666 | D:15     | Found a staircase to the Depths.
 29816 | D:15     | Found a sacrificial altar of Ru.
 30005 | D:15     | Found Kirut's Assorted Antiques.
 30041 | D:15     | Bought a scroll of teleportation for 75 gold pieces
 30839 | Orc:2    | Killed Timinator's ghost
 31965 | Orc:2    | Found Kaheoll's Book Shop.
 31965 | Orc:2    | Found Culeob's General Store.
 31967 | Orc:2    | Found Dounar's Gadget Emporium.
 31969 | Orc:2    | Found Haduxiah's Magic Scroll Boutique.
 31981 | Orc:2    | Bought a scroll of acquirement for 780 gold pieces
 32202 | Orc:2    | Got a scorched granite ring
 32203 | Orc:2    | Identified the ring "Nauqem" {rPois MR+} (You acquired it on level 2 of the Orcish Mines)
 32270 | Elf:1    | Entered Level 1 of the Elven Halls
 32295 | Elf:1    | Found a radiant altar of Vehumet.
 32467 | Elf:1    | Got an emerald-encrusted scale mail
 32468 | Elf:1    | Identified the +6 scale mail "Zicsoxzo" {Dex+6 Stlth+} (You found it on level 1 of the Elven Halls)
 32589 | Elf:1    | Reached skill level 15 in Invocations
 32589 | Elf:1    | Gained mutation: You have very sharp fingernails. [demonic ancestry]
 32589 | Elf:1    | Reached XP level 16. HP: 127/127 MP: 27/27
 32807 | Elf:1    | Reached skill level 10 in Dodging
 33408 | Elf:1    | Identified the Incunabulum of Confrontation
 33517 | Elf:2    | Noticed Roxanne
 33542 | Elf:2    | Killed Roxanne
 33556 | Elf:2    | Learned a level 6 spell: Statue Form
 33983 | Elf:2    | Found a radiant altar of Vehumet.
 34506 | Elf:2    | Found a huge runed gate.
 34506 | Elf:2    | Found a huge runed gate.
 34506 | Elf:2    | Found a huge runed gate.
 34506 | Elf:2    | Found a huge runed gate.
 34509 | Elf:2    | Found a huge runed gate.
 34517 | Elf:2    | Noticed a deep elf blademaster
 34531 | Elf:2    | Killed a deep elf blademaster
 34538 | Elf:2    | Reached skill level 16 in Invocations
 35835 | Spider:1 | Entered Level 1 of the Spider Nest
 35879 | Spider:1 | Noticed Aizul
 36094 | Lair:3   | Killed Aizul
 36437 | Spider:1 | Gained mutation: You have claws for hands. [demonic ancestry]
 36437 | Spider:1 | Reached XP level 17. HP: 108/137 MP: 23/29
 36460 | Spider:1 | Noticed Josephine
 37286 | Lair:3   | Killed Josephine
 37988 | Spider:1 | Noticed Donald
 38002 | Spider:1 | Killed Donald
 38491 | Spider:2 | Noticed Agnes
 38514 | Spider:1 | Killed Agnes
 39581 | Spider:3 | Got a shimmering iron ring
 39886 | Spider:3 | Got a warped chain mail
 39887 | Spider:3 | Identified the +8 chain mail of Watchfulness {Str+2 Dex+6} (You found it on level 3 of the Spider Nest)
 39900 | Spider:3 | Identified the ring of Desuf {rC+ EV+5 Str-2 Int+5 Slay+2} (You found it on level 3 of the Spider Nest)
 40810 | Spider:4 | Entered Level 4 of the Spider Nest
 42805 | D:11     | Killed Erymatos's ghost
 42899 | D:8      | Bought an uncursed ring of see invisible for 225 gold pieces
 43094 | Spider:3 | Gained mutation: When low on magic, you restore magic in place of health. [demonic ancestry]
 43094 | Spider:3 | Reached XP level 18. HP: 108/143 MP: 25/30
 43941 | Spider:4 | Got a gossamer rune of Zot
 44253 | Depths:1 | Entered Level 1 of the Depths
 44483 | Depths:1 | Found a gateway to Hell.
 45296 | Depths:1 | Noticed Saint Roka
 45319 | Depths:1 | Killed Saint Roka
 45418 | Depths:1 | Got an ancient plate armour
 45419 | Depths:1 | Identified the +6 plate armour "Deh Buh" {+Blink rC- rCorr Dex+4} (You found it on level 1 of the Depths)
 45905 | Depths:1 | Reached skill level 15 in Armour
 46176 | Depths:2 | Found Soadupn's Antique Weapon Shoppe.
 46200 | Depths:2 | Reached skill level 10 in Shields
 46237 | Depths:2 | Found Lumaat's Food Shoppe.
 46303 | Depths:2 | Found a gateway to a ziggurat.
 46352 | Depths:2 | Noticed a tentacled monstrosity
 46363 | Depths:2 | Killed a tentacled monstrosity
 46738 | Depths:2 | Found Zumawk's Food Emporium.
 46884 | Depths:2 | Gained mutation: You are robust. (+10% HP) [demonic ancestry]
 46884 | Depths:2 | Reached XP level 19. HP: 108/163 MP: 24/31
 47050 | Depths:2 | Got a slimy great sword {freeze}
 47051 | Depths:2 | Identified the +7 great sword "Toedghoig" {freeze, Dex+4 Stlth+} (You took it off an ogre mage on level 2 of the Depths)
 47077 | Depths:2 | Found Yrrilar's Book Emporium.
 48341 | Depths:2 | Found Susuj's Magic Scroll Boutique.
 48347 | Depths:2 | Bought a scroll of teleportation for 60 gold pieces
 48374 | Depths:2 | Reached skill level 17 in Invocations
 48498 | Depths:2 | Got a shimmering scale mail
 48499 | Depths:2 | Identified the +5 scale mail of Hedging {rPois} (You found it on level 2 of the Depths)
 48790 | Shoals:1 | Entered Level 1 of the Shoals
 50405 | Shoals:3 | Found Haugg's Jewellery Emporium.
 50422 | Shoals:3 | Noticed Piramida's ghost (adept MiBe)
 50460 | Shoals:3 | Killed Piramida's ghost
 50498 | Shoals:3 | Bought an uncursed amulet of regeneration for 510 gold pieces
 51373 | Shoals:3 | Got a pitted falchion
 51374 | Shoals:3 | Identified the +7 falchion of Kesoko {slice, rPois MR+ Str+2} (You found it on level 3 of the Shoals)
 51404 | Shoals:4 | Entered Level 4 of the Shoals
 51620 | Shoals:4 | Reached skill level 18 in Invocations
 51713 | Shoals:4 | Reached XP level 20. HP: 171/171 MP: 30/33
 51804 | Shoals:4 | Noticed Ilsuiw
 52178 | Shoals:4 | Cast into level 3 of the Abyss (merfolk javelineer)
 52250 | Abyss:3  | Gained mutation: You tend to lose your temper in combat. [a neqoxec]
 52272 | Shoals:4 | Escaped the Abyss
 52494 | Shoals:4 | HP: 4/171 [drowned by a water elemental[Ilsuiw] (6)]
 52494 | Shoals:4 | Mangled by a merfolk siren

Skill      XL: |  1  2  3  4  5  6  7  8  9 10 11 12 13 14 15 16 17 18 19 |
---------------+----------------------------------------------------------+-----
Long Blades    | 3 4 5 6 7 9 10 11 12 13 14 15 16 | 16.1
Armour         | 1 2 3 4 5 7 8 9 10 11 12 13 15 16 | 16.6
Fighting       | 4 5 7 8 9 11 12 13 | 13.3
Shields        | 1 2 3 5 7 10 12 | 12.4
Invocations    | 1 3 5 7 9 10 12 13 15 16 18 | 18.3
Dodging        | 3 5 7 8 9 11 12 | 12.7
Stealth        | |  1.7

Action                   |  1- 3 |  4- 6 |  7- 9 | 10-12 | 13-15 | 16-18 | 19-21 || total
-------------------------+-------+-------+-------+-------+-------+-------+-------++-------
Melee: Falchion          |    65 |       |   306 |  1222 |  1019 |       |       ||  2612
       Short sword       |    29 |   221 |    93 |     8 |       |       |       ||   351
       Rapier            |       |       |       |     6 |  1014 |       |       ||  1020
       Scimitar          |       |       |       |       |   213 |  2142 |  1174 ||  3529
Invok: Lesser Servant of |       |       |       |    14 |     5 |     4 |     1 ||    24
       Major Destruction |       |       |       |     4 |       |    11 |       ||    15
       Greater Servant o |       |       |       |       |     2 |     7 |     5 ||    14
       Minor Destruction |       |       |       |       |       |     1 |       ||     1
 Abil: Evoke Flight      |       |       |       |       |       |       |     2 ||     2
Evoke: Wand              |       |       |       |     2 |       |     4 |       ||     6
  Use: Potion            |       |     3 |       |     3 |     5 |     6 |     5 ||    22
       Scroll            |       |       |       |    12 |    20 |    14 |     8 ||    54
 Stab: Sleeping          |     3 |     4 |     4 |     7 |     9 |     5 |     1 ||    33
       Distracted        |       |     2 |     1 |     9 |     7 |     5 |     4 ||    28
       Invisible         |       |       |       |       |     4 |       |       ||     4
       Petrified         |       |       |       |       |     4 |       |       ||     4
       Confused          |       |       |       |       |       |       |     1 ||     1
  Eat: Chunk             |     1 |     8 |    13 |    34 |    40 |    44 |    15 ||   155
       Meat ration       |       |       |       |     1 |       |       |       ||     1
       Fruit             |       |       |       |     4 |     9 |    13 |       ||    26
Armor: Robe              |     3 |       |       |       |       |       |       ||     3
       Leather armour    |    26 |    51 |    80 |   166 |   209 |       |       ||   532
       Ring mail         |       |       |       |       |    41 |       |       ||    41
       Chain mail        |       |       |       |       |    13 |   256 |       ||   269
       Plate armour      |       |       |       |       |     7 |       |       ||     7
       Scale mail        |       |       |       |       |     2 |   316 |       ||   318
       Gold dragon scale |       |       |       |       |       |    67 |   681 ||   748
Dodge: Dodged            |    99 |   184 |   236 |   696 |  1570 |  1891 |   678 ||  5354
Block: Buckler           |       |       |       |   256 |   456 |   729 |   408 ||  1849
       Rpst.: Falchion   |    19 |       |    40 |   195 |   152 |       |       ||   406
       Scimitar          |       |       |       |       |    41 |   388 |   127 ||   556
